 Dungeon Crawl Stone Soup version 0.24.0-37-gcf1ca852f1 (webtiles) character file.

Game seed: 16025757124579155599, levelgen mode: deterministic

6937 lepoulpe303 the Thaumaturge (level 11, -7/81 HPs)
             Began as a Gnoll Wizard on Nov 24, 2019.
             Was an Elder of Vehumet.
             Mangled by an eight-headed hydra (9 damage)
             ... on level 1 of the Lair of Beasts on Nov 25, 2019.
             The game lasted 01:20:48 (12980 turns).

lepoulpe303 the Thaumaturge (Gnoll Wizard)         Turns: 12980, Time: 01:20:48

Health: -7/81      AC:  6    Str: 10    XL:     11   Next: 7%
Magic:  1/24       EV: 16    Int: 23    God:    Vehumet [****..]
Gold:   513        SH:  8    Dex: 14    Spells: 7/28 levels left

rFire    . . .     SeeInvis +   a - +1 short sword (drain)
rCold    + . .     Gourm    .   s - +1 buckler
rNeg     . . .     Faith    .   L - +3 leather armour {rC+} {rC+}
rPois    .         Spirit   .   P - +0 hat
rElec    .         Reflect  +   (no cloak)
rCorr    .         Harm     .   (no gloves)
MR       .....                  (no boots)
Stlth    ++++......             K - +2 amulet of reflection
HPRegen  0.23/turn              r - ring of stealth {Stlth+}
MPRegen  0.19/turn              (no ring)

@: very slightly contaminated
A: distributed training, fangs 1, horns 1, see invisible, strong nose
a: Renounce Religion


You were on level 1 of the Lair of Beasts.
You worshipped Vehumet.
Vehumet was greatly pleased with you.
You were not hungry.

You visited 2 branches of the dungeon, and saw 12 of its levels.
You also visited: Ossuary.

You collected 513 gold pieces.

Inventory:

Hand Weapons
 a - a +1 short sword of draining (weapon)
 b - a +3 falchion
Missiles
 C - 4 poisoned darts
 D - 16 boomerangs (quivered)
 V - 4 javelins
Armour
 m - a +1 helmet
 s - a +1 buckler (worn)
 v - a +0 robe
 A - a +2 leather armour of magic resistance {MR+}
 L - a +3 leather armour of cold resistance (worn) {rC+}
 P - a +0 hat (worn)
 T - a cursed +0 ring mail
Jewellery
 n - a +4 ring of evasion
 p - an uncursed ring of protection from magic {unknown}
 r - a ring of stealth (left hand) {Stlth+}
 E - an uncursed ring of protection from fire {unknown}
 G - a cursed ring of attention {unknown}
 K - a +2 amulet of reflection (around neck)
Wands
 y - a wand of flame (25)
 N - a wand of iceblast (7)
 Q - a wand of enslavement (7)
 U - a wand of paralysis (5)
Scrolls
 c - 5 scrolls of magic mapping {!r}
 f - 3 scrolls of amnesia
 g - 2 scrolls of fear
 i - 2 scrolls of identify
 j - a scroll of fog {unknown}
 t - 3 scrolls of teleportation
 B - 2 scrolls of blinking {!r}
 H - 2 scrolls of enchant armour
 I - 2 scrolls of enchant weapon
 O - a scroll of acquirement {unknown}
Potions
 d - 11 potions of curing {unknown}
 h - 2 potions of haste
 k - a potion of mutation {!q}
 l - a potion of magic {unknown}
 o - 4 potions of flight
 q - a potion of agility {unknown}
 u - 2 potions of berserk rage {unknown}
 z - 2 potions of might {unknown}
 F - a potion of heal wounds {unknown}
 J - a potion of brilliance {unknown}
 M - 2 potions of cancellation {unknown}
 R - a potion of resistance {unknown}
Miscellaneous
 S - a phial of floods
Comestibles
 e - 14 rations


   Skills:
 + Level 5.8 Fighting
 + Level 5.8 Short Blades
 + Level 5.8 Long Blades
 + Level 5.8 Axes
 + Level 5.8 Maces & Flails
 + Level 5.8 Polearms
 + Level 5.8 Staves
 + Level 5.8 Slings
 + Level 5.8 Bows
 + Level 5.8 Crossbows
 + Level 5.8 Throwing
 + Level 5.8 Armour
 + Level 7.5 Dodging
 + Level 7.2 Stealth
 + Level 5.8 Shields
 + Level 5.8 Unarmed Combat
 + Level 9.3 Spellcasting
 + Level 5.3 Conjurations
 + Level 4.8 Hexes
 + Level 4.8 Charms
 + Level 5.3 Summonings
 + Level 4.8 Necromancy
 + Level 5.3 Translocations
 + Level 4.8 Transmutations
 + Level 4.8 Fire Magic
 + Level 4.8 Ice Magic
 + Level 4.8 Air Magic
 + Level 4.8 Earth Magic
 + Level 4.8 Poison Magic
 + Level 6.4 Invocations
 + Level 5.8 Evocations


You had 7 spell levels left.
You knew the following spells:

 Your Spells              Type           Power        Failure   Level  Hunger
a - Fireball              Conj/Fire      ####......   7%          5    ####...
b - Blink                 Tloc           N/A          1%          2    None
c - Call Imp              Summ           #####...     1%          2    None
d - Sting                 Conj/Pois      ####         1%          1    None
e - Inner Flame           Hex/Fire       ####....     1%          3    None
f - Static Discharge      Conj/Air       ####....     1%          3    None
s - Slow                  Hex            ####....     1%          2    None
x - Mephitic Cloud        Conj/Pois/Air  ####....     1%          3    None

Your spell library contained the following spells:

 Spells                   Type           Power        Failure   Level  Hunger
 Magic Dart               Conj           ####         1%          1    None
 Conjure Flame            Conj/Fire      ####....     1%          3    None


Dungeon Overview and Level Annotations

Branches:
Dungeon (11/15)            Temple (0/1) D:5            Lair (1/6) D:8
    Orc (0/2) D:10        Ossuary (visited)

Altars:
Dithmenos
Fedhas
Okawaru
Trog
Vehumet
Yredelemnul
Beogh

Shops:
D:4 :   D:7 [   D:10 :=


Innate Abilities, Weirdness & Mutations

Your experience applies equally to all skills.
You have very sharp teeth.
Your uncanny sense of smell can sniff out nearby items.
You have a pair of small horns on your head.
You have supernaturally acute eyesight. (SInv)


Message History

* * * LOW HITPOINT WARNING * * *
The eight-headed hydra bites you.
* * * LOW HITPOINT WARNING * * *
The eight-headed hydra bites you!
* * * LOW HITPOINT WARNING * * *
You take 41 damage, and have 9/81 hp.
MASSIVE DAMAGE!!
The eight-headed hydra closely misses your crimson imp.
The eight-headed hydra bites your crimson imp!
Your crimson imp dies!
The eight-headed hydra bites your shadow imp.
The eight-headed hydra bites your shadow imp!
Your shadow imp dies!
A spriggan comes into view. It is wielding a +0 dagger.
The eight-headed hydra barely misses you.
The eight-headed hydra bites you!
* * * LOW HITPOINT WARNING * * *
The eight-headed hydra barely misses you.
The eight-headed hydra bites you!
You die...

#......#
#......#
#......#
#.<....#
#......##
#.......#
#......##
#..D....#♣♣
#..@.F....i.
#...>..#.....
#......##♣♣♣♣
#......#
#......#
.......#
##.......
#.......#


You could see an eight-headed hydra, a spiny frog and a spriggan (wandering).

Levels and vault maps discovered:
D:1:      ldierk_water_garden, layout_basic, minmay_close_crescents
D:2:      layout_loops_ring, gammafunk_temple_overflow_claw, first_ration,
          minmay_tromino_i4, uniq_sigmund
D:3:      layout_rooms, fountainhead, trog_hazing_becter, uniq_grinder,
          uniq_ijyb
D:4:      layout_loops_corners, overflow_temple_1_default, serial_shops, shop,
          okawaru_metal_pillars_1_2
D:5:      layout_basic, minmay_temple_entry_sparse_star, uniq_blork_the_orc,
          uniq_eustachio, uniq_edmund
D:6:      layout_basic, lemuel_crystal_altar, serial_shops, nicolae_shop_stone,
          uniq_pikel
D:7:      layout_loops_cross, serial_shops, shop_statue, grunt_ogre_cave
D:8:      layout_cave_pods, marbit_many_paths, david_lair_generic,
          nicolae_ossuary_entry_monument
D:9:      layout_basic, roderic_serpentine_path, corexii_checkpoint_b
D:10:     layout_roguey, minmay_orc_entry_temple_small, serial_shops, shop, shop
D:11:     layout_roguey, basic_altar, bloody_trog, uniq_grum
Lair:1:   kb_forest_paths, layout_big_grid

Notes
Turn   | Place    | Note
-------+----------+-------------------------------------------
     0 | D:1      | lepoulpe303 the Gnoll Wizard began the quest for the Orb.
     0 | D:1      | Reached XP level 1. HP: 13/13 MP: 8/8
    78 | D:1      | Reached skill level 2 in Conjurations
    78 | D:1      | Reached skill level 2 in Summonings
    78 | D:1      | Reached skill level 2 in Translocations
   152 | D:1      | Identified a +0 club
   157 | D:1      | Reached XP level 2. HP: 19/19 MP: 3/10
   161 | D:1      | Learned a level 2 spell: Blink
   164 | D:1      | Learned a level 2 spell: Call Imp
   211 | D:1      | Identified a cursed -2 club
   390 | D:1      | Identified a +0 short sword
   392 | D:1      | Identified a cursed -1 club
   519 | D:1      | Identified a +0 dagger
   526 | D:1      | Reached XP level 3. HP: 25/25 MP: 8/11
   720 | D:1      | Identified a +1 helmet (You found it on level 1 of the
                  | Dungeon)
   728 | D:1      | Identified a +0 club
   989 | D:1      | Learned a level 3 spell: Mephitic Cloud
  1113 | D:2      | Identified a +0 club
  1126 | D:2      | Reached skill level 1 in Invocations
  1225 | D:2      | Identified a cursed +0 club
  1236 | D:2      | Reached skill level 1 in Fighting
  1236 | D:2      | Reached skill level 1 in Short Blades
  1236 | D:2      | Reached skill level 1 in Long Blades
  1236 | D:2      | Reached skill level 1 in Axes
  1236 | D:2      | Reached skill level 1 in Maces & Flails
  1236 | D:2      | Reached skill level 1 in Polearms
  1236 | D:2      | Reached skill level 1 in Staves
  1236 | D:2      | Reached skill level 1 in Slings
  1236 | D:2      | Reached skill level 1 in Bows
  1236 | D:2      | Reached skill level 1 in Crossbows
  1236 | D:2      | Reached skill level 1 in Throwing
  1236 | D:2      | Reached skill level 1 in Armour
  1236 | D:2      | Reached skill level 1 in Shields
  1236 | D:2      | Reached skill level 1 in Unarmed Combat
  1236 | D:2      | Reached skill level 1 in Evocations
  1236 | D:2      | Reached XP level 4. HP: 23/32 MP: 7/13
  1370 | D:2      | Identified a +0 scythe
  1370 | D:2      | Identified a +0 robe
  1370 | D:2      | Noticed Sigmund
  1501 | D:2      | Identified 2 scrolls of teleportation
  1557 | D:2      | Identified a +0 dagger
  1562 | D:2      | Identified a +0 club
  1833 | D:2      | Identified a +0 club
  1839 | D:2      | Identified 2 scrolls of amnesia
  1843 | D:2      | Learned a level 2 spell: Slow
  1860 | D:2      | Found a shadowy altar of Dithmenos.
  1860 | D:2      | Found a blossoming altar of Fedhas.
  1860 | D:2      | Found a basalt altar of Yredelemnul.
  1891 | D:2      | Identified a +0 whip
  1891 | D:2      | Identified a +0 hunting sling
  1891 | D:2      | Identified a +0 robe
  1987 | D:2      | Identified 2 potions of mutation
  1987 | D:2      | Gained mutation: You have supernaturally acute eyesight.
                  | (SInv) [potion of mutation]
  1987 | D:2      | Gained mutation: You have a pair of small horns on your
                  | head. [potion of mutation]
  1999 | D:2      | Killed Sigmund
  1999 | D:2      | Reached skill level 1 in Hexes
  1999 | D:2      | Reached skill level 1 in Charms
  1999 | D:2      | Reached skill level 1 in Necromancy
  1999 | D:2      | Reached skill level 1 in Transmutations
  1999 | D:2      | Reached skill level 1 in Fire Magic
  1999 | D:2      | Reached skill level 1 in Ice Magic
  1999 | D:2      | Reached skill level 1 in Air Magic
  1999 | D:2      | Reached skill level 1 in Earth Magic
  1999 | D:2      | Reached skill level 1 in Poison Magic
  1999 | D:2      | Reached XP level 5. HP: 14/38 MP: 1/14
  1999 | D:2      | Reached XP level 6. HP: 17/44 MP: 1/16
  2368 | D:3      | Reached skill level 2 in Invocations
  2494 | D:3      | Identified a +0 short sword of draining
  2514 | D:3      | Identified a +2 leather armour of magic resistance
  2514 | D:3      | Noticed Ijyb
  2523 | D:3      | Killed Ijyb
  2590 | D:3      | Identified a +0 club
  2657 | D:3      | Identified a +0 dagger
  2749 | D:3      | Noticed Grinder
  2765 | D:3      | Paralysed by Grinder for 4 turns
  2778 | D:3      | Killed Grinder
  2778 | D:3      | Reached skill level 2 in Fighting
  2778 | D:3      | Reached skill level 2 in Short Blades
  2778 | D:3      | Reached skill level 2 in Long Blades
  2778 | D:3      | Reached skill level 2 in Axes
  2778 | D:3      | Reached skill level 2 in Maces & Flails
  2778 | D:3      | Reached skill level 2 in Polearms
  2778 | D:3      | Reached skill level 2 in Staves
  2778 | D:3      | Reached skill level 2 in Slings
  2778 | D:3      | Reached skill level 2 in Bows
  2778 | D:3      | Reached skill level 2 in Crossbows
  2778 | D:3      | Reached skill level 2 in Throwing
  2778 | D:3      | Reached skill level 2 in Armour
  2778 | D:3      | Reached skill level 5 in Dodging
  2778 | D:3      | Reached skill level 2 in Shields
  2778 | D:3      | Reached skill level 2 in Unarmed Combat
  2778 | D:3      | Reached skill level 2 in Evocations
  2873 | D:3      | Identified a +0 club
  2923 | D:3      | Identified a +0 animal skin
  2923 | D:3      | Identified a +0 animal skin
  2926 | D:3      | Identified a +0 animal skin
  2932 | D:3      | Identified a +0 animal skin
  2940 | D:3      | Found a bloodstained altar of Trog.
  2945 | D:3      | Identified a +0 animal skin
  2952 | D:3      | Identified a +0 animal skin
  3031 | D:3      | Reached XP level 7. HP: 46/50 MP: 18/18
  3111 | D:4      | Identified 2 scrolls of magic mapping
  3115 | D:4      | Found an iron altar of Okawaru.
  3246 | D:4      | Found a radiant altar of Vehumet.
  3252 | D:4      | Became a worshipper of Vehumet
  3267 | D:4      | Identified a +0 dagger
  3267 | D:4      | Identified a +0 robe
  3267 | D:4      | Identified a +0 club
  3269 | D:4      | Identified a +0 hand axe
  3269 | D:4      | Identified a +0 chain mail
  3269 | D:4      | Identified a +0 short sword
  3269 | D:4      | Identified a +0 scale mail
  3669 | D:4      | Found Valedah's Book Boutique.
  3840 | D:4      | You fall into a shaft and drop 2 floors!
  3860 | D:6      | Reached skill level 2 in Hexes
  3860 | D:6      | Reached skill level 2 in Charms
  3860 | D:6      | Reached skill level 2 in Necromancy
  3860 | D:6      | Reached skill level 2 in Transmutations
  3860 | D:6      | Reached skill level 2 in Fire Magic
  3860 | D:6      | Reached skill level 2 in Ice Magic
  3860 | D:6      | Reached skill level 2 in Air Magic
  3860 | D:6      | Reached skill level 2 in Earth Magic
  3860 | D:6      | Reached skill level 2 in Poison Magic
  3960 | D:5      | Entered Level 5 of the Dungeon
  4173 | D:4      | Identified a +0 buckler (You found it on level 4 of the
                  | Dungeon)
  4178 | D:4      | Identified a +0 hat
  4263 | D:5      | Reached skill level 3 in Conjurations
  4263 | D:5      | Reached skill level 3 in Summonings
  4263 | D:5      | Reached skill level 3 in Translocations
  4271 | D:5      | Found a staircase to the Ecumenical Temple.
  4292 | D:5      | Identified a +0 glaive
  4292 | D:5      | Identified a +0 robe
  4292 | D:5      | Noticed Blork the orc
  4303 | D:5      | Identified 3 scrolls of identify
  4303 | D:5      | Identified 2 potions of flight
  4304 | D:5      | Identified a ring of stealth (You found it on level 2 of
                  | the Dungeon)
  4306 | D:5      | Identified 2 scrolls of fear
  4357 | D:5      | Reached * piety under Vehumet
  4357 | D:5      | Offered knowledge of Sting by Vehumet.
  4364 | D:5      | Learned a level 1 spell: Sting
  4397 | D:5      | Identified a +0 giant club
  4407 | D:5      | Reached skill level 5 in Stealth
  4407 | D:5      | Reached skill level 3 in Invocations
  4498 | D:5      | Identified a +2 flail of distortion
  4498 | D:5      | Identified a +0 ring mail
  4498 | D:5      | Noticed Edmund
  4512 | D:5      | Killed Edmund
  4512 | D:5      | Reached XP level 8. HP: 48/57 MP: 17/19
  4631 | D:5      | Killed Blork the orc
  4631 | D:5      | Reached skill level 3 in Fighting
  4631 | D:5      | Reached skill level 3 in Short Blades
  4631 | D:5      | Reached skill level 3 in Long Blades
  4631 | D:5      | Reached skill level 3 in Axes
  4631 | D:5      | Reached skill level 3 in Maces & Flails
  4631 | D:5      | Reached skill level 3 in Polearms
  4631 | D:5      | Reached skill level 3 in Staves
  4631 | D:5      | Reached skill level 3 in Slings
  4631 | D:5      | Reached skill level 3 in Bows
  4631 | D:5      | Reached skill level 3 in Crossbows
  4631 | D:5      | Reached skill level 3 in Throwing
  4631 | D:5      | Reached skill level 3 in Armour
  4631 | D:5      | Reached skill level 3 in Shields
  4631 | D:5      | Reached skill level 3 in Unarmed Combat
  4631 | D:5      | Reached skill level 3 in Evocations
  4670 | D:5      | Identified a +0 rapier
  4670 | D:5      | Identified a +3 leather armour of cold resistance
  4670 | D:5      | Noticed Eustachio
  4683 | D:5      | Identified a +0 dagger
  4683 | D:5      | Identified a +0 dagger
  4697 | D:5      | Identified a +0 falchion
  4699 | D:5      | Identified a +0 dagger
  4699 | D:5      | Identified a +0 leather armour
  4734 | D:5      | Identified a +0 club
  4737 | D:5      | Killed Eustachio
  4838 | D:5      | Offered knowledge of Flame Tongue by Vehumet.
  4903 | D:5      | Reached ** piety under Vehumet
  4970 | D:5      | Identified 2 scrolls of random uselessness
  5013 | D:6      | Identified a +0 chain mail
  5014 | D:6      | Identified a +0 halberd
  5014 | D:6      | Identified a +0 plate armour
  5015 | D:6      | Identified a +0 flail
  5015 | D:6      | Identified a +0 leather armour
  5016 | D:6      | Identified a +0 dagger
  5016 | D:6      | Identified a +0 robe
  5044 | D:6      | Reached skill level 8 in Spellcasting
  5104 | D:6      | You fall into a shaft and drop 1 floor!
  5125 | D:7      | Identified 2 scrolls of enchant armour
  5169 | D:7      | Identified a +0 hand axe
  5236 | D:7      | Identified a +0 giant club
  5270 | D:7      | Identified a +0 giant club
  5277 | D:7      | Reached skill level 3 in Hexes
  5277 | D:7      | Reached skill level 3 in Charms
  5277 | D:7      | Reached skill level 3 in Necromancy
  5277 | D:7      | Reached skill level 3 in Transmutations
  5277 | D:7      | Reached skill level 3 in Fire Magic
  5277 | D:7      | Reached skill level 3 in Ice Magic
  5277 | D:7      | Reached skill level 3 in Air Magic
  5277 | D:7      | Reached skill level 3 in Earth Magic
  5277 | D:7      | Reached skill level 3 in Poison Magic
  5277 | D:7      | Reached skill level 4 in Invocations
  5360 | D:7      | Found Biyfes's Armour Shop.
  5408 | D:7      | Reached skill level 6 in Dodging
  5408 | D:7      | Reached XP level 9. HP: 65/65 MP: 15/21
  5513 | D:6      | You fall into a shaft and drop 3 floors!
  5515 | D:9      | Identified a +0 giant club
  5515 | D:9      | Identified a +0 giant club
  5515 | D:9      | Noticed a two-headed ogre
  5527 | D:9      | Killed a two-headed ogre
  5527 | D:9      | Reached skill level 4 in Fighting
  5527 | D:9      | Reached skill level 4 in Short Blades
  5527 | D:9      | Reached skill level 4 in Long Blades
  5527 | D:9      | Reached skill level 4 in Axes
  5527 | D:9      | Reached skill level 4 in Maces & Flails
  5527 | D:9      | Reached skill level 4 in Polearms
  5527 | D:9      | Reached skill level 4 in Staves
  5527 | D:9      | Reached skill level 4 in Slings
  5527 | D:9      | Reached skill level 4 in Bows
  5527 | D:9      | Reached skill level 4 in Crossbows
  5527 | D:9      | Reached skill level 4 in Throwing
  5527 | D:9      | Reached skill level 4 in Armour
  5527 | D:9      | Reached skill level 6 in Stealth
  5527 | D:9      | Reached skill level 4 in Shields
  5527 | D:9      | Reached skill level 4 in Unarmed Combat
  5527 | D:9      | Reached skill level 4 in Conjurations
  5527 | D:9      | Reached skill level 4 in Summonings
  5527 | D:9      | Reached skill level 4 in Translocations
  5527 | D:9      | Reached skill level 4 in Evocations
  5608 | D:9      | Identified a +0 giant club
  5738 | D:9      | Identified a +0 giant club
  5827 | D:9      | Identified a +0 hand axe
  5827 | D:9      | Identified a +4 ring of evasion
  6059 | D:9      | Identified a +0 club
  6059 | D:9      | Identified a cursed +0 club
  6250 | D:9      | Identified a +0 giant spiked club
  6262 | D:9      | Reached skill level 5 in Invocations
  6339 | D:9      | Offered knowledge of Inner Flame by Vehumet.
  6345 | D:9      | Learned a level 3 spell: Inner Flame
  6393 | D:8      | Identified 2 scrolls of enchant weapon
  6394 | D:8      | Identified 2 scrolls of blinking
  6395 | D:8      | Identified a scroll of noise
  6396 | D:8      | Identified a scroll of remove curse
  6397 | D:8      | Identified a scroll of immolation
  6402 | D:8      | Identified a +0 dagger
  6403 | D:8      | Identified a +0 morningstar
  6406 | D:8      | Identified a +0 short sword
  6406 | D:8      | Identified a +0 ring mail
  6408 | D:8      | Identified a +0 hand axe
  6505 | D:8      | Identified a +1 halberd of venom
  6505 | D:8      | Identified a +0 robe
  6522 | D:8      | Identified a +0 mace
  6522 | D:8      | Identified a +0 robe
  6528 | D:8      | Identified a +3 battleaxe
  6528 | D:8      | Identified a +0 robe
  6529 | D:8      | Identified a cursed +4 scimitar
  6529 | D:8      | Identified a +0 robe
  6580 | D:8      | Found a sand-covered staircase.
  6590 | Ossuary  | Entered an ossuary
  6612 | Ossuary  | Reached *** piety under Vehumet
  6843 | Ossuary  | Reached XP level 10. HP: 70/73 MP: 22/22
  7016 | Ossuary  | Reached skill level 4 in Hexes
  7016 | Ossuary  | Reached skill level 4 in Charms
  7016 | Ossuary  | Reached skill level 4 in Necromancy
  7016 | Ossuary  | Reached skill level 4 in Transmutations
  7016 | Ossuary  | Reached skill level 4 in Fire Magic
  7016 | Ossuary  | Reached skill level 4 in Ice Magic
  7016 | Ossuary  | Reached skill level 4 in Air Magic
  7016 | Ossuary  | Reached skill level 4 in Earth Magic
  7016 | Ossuary  | Reached skill level 4 in Poison Magic
  7187 | Ossuary  | Offered knowledge of Static Discharge by Vehumet.
  7380 | Ossuary  | Identified an amulet of reflection (You found it in an
                  | ossuary)
  7613 | D:7      | Identified a +0 shortbow
  7668 | D:7      | Reached skill level 5 in Fighting
  7668 | D:7      | Reached skill level 5 in Short Blades
  7668 | D:7      | Reached skill level 5 in Long Blades
  7668 | D:7      | Reached skill level 5 in Axes
  7668 | D:7      | Reached skill level 5 in Maces & Flails
  7668 | D:7      | Reached skill level 5 in Polearms
  7668 | D:7      | Reached skill level 5 in Staves
  7668 | D:7      | Reached skill level 5 in Slings
  7668 | D:7      | Reached skill level 5 in Bows
  7668 | D:7      | Reached skill level 5 in Crossbows
  7668 | D:7      | Reached skill level 5 in Throwing
  7668 | D:7      | Reached skill level 5 in Armour
  7668 | D:7      | Reached skill level 5 in Shields
  7668 | D:7      | Reached skill level 5 in Unarmed Combat
  7668 | D:7      | Reached skill level 5 in Evocations
  7673 | D:7      | Learned a level 3 spell: Static Discharge
  7734 | D:7      | Identified a +0 halberd
  7734 | D:7      | Identified a +0 chain mail
  7734 | D:7      | Identified a +0 falchion
  7734 | D:7      | Identified a +0 ring mail
  7734 | D:7      | Identified a +0 mace
  7744 | D:7      | Identified a +0 whip
  8127 | D:7      | Identified 2 potions of haste
  8136 | D:8      | Identified a cursed +3 spear
  8136 | D:8      | Identified a +0 robe
  8136 | D:8      | Identified a +1 spear of freezing
  8136 | D:8      | Identified a +0 robe
  8142 | D:8      | Identified a +3 falchion
  8142 | D:8      | Identified a +0 robe
  8408 | D:8      | Reached skill level 7 in Dodging
  8494 | D:8      | Identified a +0 whip
  8494 | D:8      | Identified a +0 spear
  8494 | D:8      | Identified a +0 whip
  8494 | D:8      | Identified a +0 whip
  8635 | D:8      | Found a staircase to the Lair.
  8646 | D:8      | Reached **** piety under Vehumet
  8652 | D:8      | Reached skill level 9 in Spellcasting
  8659 | D:8      | HP: 15/74 [basilisk (7)]
  8992 | D:8      | Identified a +0 shortbow
  9164 | D:8      | Found an iron altar of Okawaru.
  9356 | D:9      | Identified a +0 dagger
  9359 | D:9      | Identified a +0 dagger
  9359 | D:9      | Identified a +0 whip
  9360 | D:9      | Identified a +0 club
  9361 | D:9      | Identified a +0 dagger
  9391 | D:9      | Reached skill level 5 in Conjurations
  9391 | D:9      | Reached skill level 5 in Summonings
  9391 | D:9      | Reached skill level 5 in Translocations
  9402 | D:9      | HP: 16/74 [hippogriff (7)]
  9810 | D:9      | HP: 9/74 [troll (10)]
  9839 | D:9      | Offered knowledge of Fireball by Vehumet.
  9839 | D:9      | Reached skill level 7 in Stealth
  9839 | D:9      | Reached skill level 6 in Invocations
 10491 | D:9      | Identified a +0 club
 10581 | D:10     | Entered Level 10 of the Dungeon
 10644 | Lair:1   | Entered Level 1 of the Lair of Beasts
 10871 | Lair:1   | Noticed an eight-headed hydra
 10877 | D:8      | Identified a cursed -3 mace (You found it on level 3 of the
                  | Dungeon)
 11043 | D:10     | Identified a +0 shortbow
 11061 | D:10     | Found Diju's Jewellery Emporium.
 11109 | D:10     | Identified a +0 short sword
 11109 | D:10     | Identified a +0 leather armour
 11110 | D:10     | Found a staircase to the Orcish Mines.
 11110 | D:10     | Identified a +0 mace
 11110 | D:10     | Identified a +0 leather armour
 11111 | D:10     | Identified a +0 dagger
 11111 | D:10     | Identified a +0 robe
 11130 | D:10     | Identified a +0 falchion
 11137 | D:10     | Identified a +0 dagger
 11139 | D:10     | Identified a +0 dagger
 11139 | D:10     | Identified a +0 robe
 11141 | D:10     | Identified a +0 flail
 11155 | D:10     | Identified a cursed -3 flail
 11162 | D:10     | Identified a +2 flail of protection
 11162 | D:10     | Identified a cursed +0 leather armour
 11168 | D:10     | Identified a +0 dagger
 11168 | D:10     | Identified a +0 robe
 11181 | D:10     | HP: 18/74 [orc wizard/magic dart (3)]
 11208 | D:9      | Learned a level 5 spell: Fireball
 11570 | D:10     | Identified a +0 mace
 11592 | D:10     | Found a roughly hewn altar of Beogh.
 11894 | D:10     | Found Ibeyrgh's Book Shoppe.
 12113 | D:11     | Identified a +0 shortbow
 12113 | D:11     | Identified a +0 shortbow
 12113 | D:11     | Identified a +3 shortbow
 12113 | D:11     | Identified a +0 shortbow
 12113 | D:11     | Identified a +1 shortbow of freezing
 12132 | D:10     | Reached XP level 11. HP: 43/81 MP: 16/24
 12589 | D:11     | Found a bloodstained altar of Trog.
 12977 | Lair:1   | HP: 9/81 [eight-headed hydra (15)]
 12979 | Lair:1   | Identified a +0 dagger
 12979 | Lair:1   | Identified a +0 robe
 12979 | Lair:1   | Identified an uncursed ring of fire
 12980 | Lair:1   | HP: 2/81 [eight-headed hydra (7)]
 12980 | Lair:1   | Mangled by an eight-headed hydra

Table legend:
 A = Turns spent in this place as a percentage of turns spent in the entire game.
 B = Non-inter-level travel turns spent in this place as a percentage of non-inter-level travel turns spent in the entire game.
 C = Inter-level travel turns spent in this place as a percentage of turns spent in this place.
 D = Turns resting spent in this place as a percentage of non-inter-level travel turns spent in this place.
 E = Turns spent auto-exploring this place as a percentage of non-inter-level travel turns spent in this place.
 F = Non-inter-level travel turns spent in this place divided by the number of levels of this place that you've seen.
                   A       B       C       D       E      F
               +-------+-------+-------+-------+-------+----------------------
         Total | 100.0 | 100.0 |   4.5 |  31.9 |  41.0 | 953.4
       Dungeon |  91.3 |  90.9 |   4.9 |  29.5 |  44.8 | 1024.7
          Lair |   1.9 |   2.0 |   0.4 |  87.0 |   0.4 | 247.0
       Ossuary |   6.7 |   7.1 |   0.0 |  46.4 |   4.7 | 875.0
               +-------+-------+-------+-------+-------+----------------------

Table legend:
 A = Kills in this place as a percentage of kills in entire the game.
 B = Kills by you in this place as a percentage of kills by you in the entire game.
 C = Kills by friends in this place as a percentage of kills by friends in the entire game.
 D = Other kills in this place as a percentage of other kills in the entire game.
 E = Experience gained in this place as a percentage of experience gained in the entire game.
 F = Experience gained in this place divided by the number of levels of this place that you have seen.
                   A       B       C       D       E      F
               +-------+-------+-------+-------+-------+----------------------
         Total | 100.0 | 100.0 | 100.0 | 100.0 | 100.0 | 762.3
       Dungeon |  89.5 |  89.8 |  81.0 | 100.0 |  90.1 | 812.0
          Lair |   0.4 |   0.4 |   0.0 |   0.0 |   1.1 | 107.0
       Ossuary |  10.2 |   9.8 |  19.0 |   0.0 |   8.8 | 871.0
               +-------+-------+-------+-------+-------+----------------------

Skill      XL: |  1  2  3  4  5  6  7  8  9 10 |
---------------+-------------------------------+-----
Conjurations   | 2 3 4 5 |  5.3
Summonings     | 2 3 4 5 |  5.3
Translocations | 2 3 4 5 |  5.3
Invocations    | 1 2 3 4 5 6 |  6.4
Fighting       | 1 2 3 4 5 |  5.8
Short Blades   | 1 2 3 4 5 |  5.8
Long Blades    | 1 2 3 4 5 |  5.8
Axes           | 1 2 3 4 5 |  5.8
Maces & Flails | 1 2 3 4 5 |  5.8
Polearms       | 1 2 3 4 5 |  5.8
Staves         | 1 2 3 4 5 |  5.8
Slings         | 1 2 3 4 5 |  5.8
Bows           | 1 2 3 4 5 |  5.8
Crossbows      | 1 2 3 4 5 |  5.8
Throwing       | 1 2 3 4 5 |  5.8
Armour         | 1 2 3 4 5 |  5.8
Shields        | 1 2 3 4 5 |  5.8
Unarmed Combat | 1 2 3 4 5 |  5.8
Evocations     | 1 2 3 4 5 |  5.8
Hexes          | 1 2 3 4 |  4.8
Charms         | 1 2 3 4 |  4.8
Necromancy     | 1 2 3 4 |  4.8
Transmutations | 1 2 3 4 |  4.8
Fire Magic     | 1 2 3 4 |  4.8
Ice Magic      | 1 2 3 4 |  4.8
Air Magic      | 1 2 3 4 |  4.8
Earth Magic    | 1 2 3 4 |  4.8
Poison Magic   | 1 2 3 4 |  4.8
Dodging        | 5 6 7 |  7.5
Stealth        | 5 6 7 |  7.2
Spellcasting   | 8 9 |  9.3

Action                   |  1- 3 |  4- 6 |  7- 9 | 10-12 || total
-------------------------+-------+-------+-------+-------++-------
Melee: Short sword       |     4 |    67 |   371 |   129 ||   571
       Bite              |       |     7 |    25 |    46 ||    78
       Whip              |       |     7 |       |       ||     7
       Headbutt          |       |     6 |    57 |    78 ||   141
       Mace              |       |       |       |   212 ||   212
       Falchion          |       |       |       |    99 ||    99
Throw: Boomerang         |       |    57 |     6 |     6 ||    69
 Cast: Magic Dart        |    71 |    40 |   129 |    25 ||   265
       Call Imp          |       |    10 |     8 |    12 ||    30
       Mephitic Cloud    |       |     1 |    20 |    11 ||    32
       Slow              |       |     1 |     7 |     1 ||     9
       Sting             |       |       |    20 |    19 ||    39
       Blink             |       |       |     1 |     2 ||     3
       Static Discharge  |       |       |       |    18 ||    18
       Fireball          |       |       |       |     4 ||     4
Evoke: Wand              |       |       |       |     1 ||     1
  Use: Scroll            |       |     2 |    12 |     4 ||    18
       Potion            |       |     1 |       |       ||     1
 Stab: Sleeping          |     1 |     2 |     4 |    14 ||    21
       Confused          |       |       |     8 |    12 ||    20
       Distracted        |       |       |     1 |     4 ||     5
  Eat: Chunk             |     1 |     5 |     6 |    14 ||    26
       Ration            |       |       |     2 |     3 ||     5
Armor: Robe              |     1 |    10 |       |       ||    11
       Leather armour    |       |    10 |    62 |    73 ||   145
Dodge: Dodged            |    11 |    72 |   214 |   303 ||   600
Block: Buckler           |       |       |    62 |   156 ||   218
       Reflection        |       |       |       |    11 ||    11
       Rpst.: Falchion   |       |       |       |    12 ||    12

Vanquished Creatures
  A troll (D:9)
  Grinder (D:3)
  3 hippogriffs
  Sigmund (D:2)
  2 basilisks (D:8)
  Eustachio (D:5)
  A wyvern (D:10)
  A yak (D:8)
  Edmund (D:5)
  2 ice beasts
  2 orc warriors
  A black bear (D:6)
  6 ogres
  8 centaurs
  A crocodile (Lair:1)
  A big kobold (D:9)
  Blork the orc (D:5)
  5 bullfrogs
  12 scorpions
  5 killer bees (D:9)
  7 wights (D:8)
  A howler monkey (D:5)
  6 crimson imps
  2 centaur zombies
  A quasit (D:8)
  4 orc priests
  2 hounds
  2 centaur skeletons
  3 human zombies (Ossuary)
  A jelly (D:9)
  7 iguanas
  5 orc wizards
  7 worker ants
  A big kobold zombie (Ossuary)
  A hound zombie (D:5)
  2 mummies (Ossuary)
  2 worker ant zombies
  4 gnolls (D:8)
  2 scorpion zombies (Ossuary)
  7 adders
  2 howler monkey skeletons
  2 shadow imps
  3 oozes
  An adder skeleton (D:8)
  2 adder zombies (D:8)
  2 worms
  A dart slug (D:1)
  2 leopard geckos
  24 orcs
  6 giant cockroaches
  A gnoll zombie (Ossuary)
  11 goblins
  14 hobgoblins
  13 jackals
  17 kobolds
  3 quokkas
  2 ball pythons
  12 bats
  8 frilled lizards
  A goblin zombie (Ossuary)
  A jackal zombie (D:5)
  3 kobold zombies (Ossuary)
  A leopard gecko skeleton (D:4)
  A leopard gecko zombie (D:7)
  An orc zombie (Ossuary)
  A quokka skeleton (D:5)
  6 rats
264 creatures vanquished.

Vanquished Creatures (collateral kills)
  A two-headed ogre (D:9)
  A hungry ghost (D:10)
  Ijyb (D:3)
  2 worker ants
  A mummy (Ossuary)
  An adder (D:3)
  2 worms
  A dart slug (D:3)
  A leopard gecko (D:5)
  An orc (D:5)
  2 gnoll zombies (Ossuary)
  A jackal (D:3)
  A quokka (D:5)
  A bat (D:3)
  A goblin (D:3)
  A kobold zombie (Ossuary)
  2 rats (D:3)
21 creatures vanquished.

Vanquished Creatures (others)
  A kobold zombie (Ossuary)
  4 toadstools (D:1)
5 creatures vanquished.

Grand Total: 290 creatures vanquished
